 Dungeon Crawl Stone Soup version 0.27-a0-906-g0a00ce863d (webtiles) character file.

Game seed: 16940041829888246322

140 wakim the Insei (level 5, -5/33 HPs)
             Began as an Octopode Transmuter on Apr 6, 2021.
             Slain by a gnoll
             ... wielding a +0 spear
              (11 damage)
             ... on level 3 of the Dungeon.
             The game lasted 00:07:54 (3560 turns).

wakim the Insei (Octopode Transmuter)               Turns: 3560, Time: 00:07:54

Health: -5/33      AC:  2    Str:  9    XL:     5   Next: 22%
Magic:  5/8        EV: 19    Int: 17    God:
Gold:   66         SH:  0    Dex: 17    Spells: 4/8 levels left

rFire    . . .     SeeInvis .     - Unarmed
rCold    . . .     Faith    .   (shield currently unavailable)
rNeg     . . .     Spirit   .   (helmet currently unavailable)
rPois    x         Reflect  .   (no amulet)
rElec    .         Harm     .   (no ring)
rCorr    .         Rampage  .   (no ring)
Will     .....                  (no ring)
Stlth    +++.......             (no ring)
HPRegen  0.11/turn              (no ring)
MPRegen  0.11/turn              (no ring)
                                (no ring)
                                (no ring)

@: spider-form
A: venomous fangs, almost no armour, (amphibious), 8 rings, tiny, (camouflage
1), (gelatinous body 1), (nimble swimmer 1), (tentacles)
a: End Transformation


You were on level 3 of the Dungeon.
You were a venomous arachnid creature.
You visited 1 branch of the dungeon, and saw 4 of its levels.

You collected 66 gold pieces.

Inventory:

Scrolls
 T - 2 scrolls of teleportation
Potions
 a - a potion of heal wounds {unknown}
 E - a potion of cancellation
 F - a potion of curing
 K - a potion of magic


   Skills:
 - Level 1.0 Fighting
 - Level 2.0 Dodging
 - Level 4.0 Stealth
 * Level 4.7 Unarmed Combat
 + Level 2.0 Spellcasting
 + Level 2.1 Transmutations
 + Level 0.4 Poison Magic


You had 4 spell levels left.
You knew the following spells:

 Your Spells              Type           Power      Damage    Failure   Level
a - Beastly Appendage     Tmut           16%        N/A       22%         1
x - Spider Form           Tmut/Pois      3%         N/A       56%         3

Your spell library contained the following spells:

 Spells                   Type           Power      Damage    Failure   Level
 Wereblood                Tmut           8%         N/A       28%         2
 Animate Skeleton         Necr           2%         N/A       38%         1
 Apportation              Tloc           2%         N/A       38%         1
 Corona                   Hex            1%         N/A       38%         1
 Magic Dart               Conj           4%         1d3       38%         1
 Summon Small Mammal      Summ           4%         N/A       38%         1
 Blink                    Tloc           N/A        N/A       50%         2
 Call Imp                 Summ           1%         N/A       50%         2
 Searing Ray              Conj           2%         3d3       50%         2
 Slow                     Hex            1%         N/A       50%         2
 Call Canine Familiar     Summ           1%         N/A       71%         3
 Confusing Touch          Hex            1%         N/A       71%         3
 Conjure Flame            Conj/Fire      1%         6-21      71%         3
 Dazzling Flash           Conj/Hex       2%         N/A       71%         3
 Gell's Gravitas          Tloc           0%         N/A       71%         3
 Mephitic Cloud           Conj/Pois/Air  2%         N/A       71%         3
 Summon Guardian Golem    Hex/Summ       1%         N/A       71%         3
 Ice Form                 Ice/Tmut       5%         N/A       90%         4
 Petrify                  Tmut/Erth      5%         N/A       90%         4
 Fulminant Prism          Conj/Hex       0%         3d6       96%         4
 Iskenderun's Mystic Bla  Conj/Tloc      1%         2d3       96%         4
 Summon Ice Beast         Ice/Summ       1%         N/A       96%         4
 Summon Lightning Spire   Summ/Air       1%         N/A       96%         4
 Hydra Form               Tmut           4%         N/A       98%         5
 Yara's Violent Unravell  Hex/Tmut       2%         3d3       99%         5
 Metabolic Englaciation   Hex/Ice        0%         N/A       100%        5


Dungeon Overview and Level Annotations

Branches:
Dungeon (4/15)
 Temple: D:4-7

Altars:
Yredelemnul
Zin

Shops:
D:3 !


Innate Abilities, Weirdness & Mutations

You are a venomous arachnid creature.
You have poisonous fangs.
You are tiny and dextrous.
Your spellcasting is less reliable in this form.
Your armour is entirely melded.
You are incapable of wielding weapons or throwing items.
You cannot wear most types of armour.
((You are amphibious.))
You can wear up to eight rings at the same time.
((Your skin changes colour to match your surroundings (Stealth+).))
((Your rubbery body absorbs attacks. (AC +1, EV +1)))
((You are camouflaged near water. (Stealth+)))
((You have tentacles for arms and can constrict up to eight enemies at once.))


Message History

You hit the gnoll.
The gnoll looks as sick as possible!
The gnoll is almost dead.
Your transformation has ended.
You kill the gnoll!
The gnoll hits you from afar with a +0 spear.
Casting: Spider Form (quite dangerous; 34% risk of failure)
Confirm with . or Enter, or press ? or * to list all spells.
The spell is quite dangerous to cast (34% risk of failure)!
Continue anyway?
You miscast Spider Form.
You are very lightly contaminated with residual magic.
Nothing appears to happen.
The gnoll hits you from afar with a +0 spear.
The gnoll shaman calls upon its god to speed up the gnoll.
The gnoll seems to speed up.
The gnoll misses you.
You climb upwards.
There is a stone staircase leading down here.
You start resting.
Your magical contamination has completely faded away.
Magic restored.
You climb downwards.
The gnoll closely misses you. The gnoll hits you with a +0 spear.
There is a stone staircase leading up, spattered with blood here.
The gnoll hits you with a +0 spear.
You climb upwards.
There is a stone staircase leading down here.
You barely miss the gnoll. Your grab misses the gnoll.
The gnoll hits you with a +0 spear.
Casting: Spider Form (quite dangerous; 34% risk of failure)
Confirm with . or Enter, or press ? or * to list all spells.
The spell is quite dangerous to cast (34% risk of failure)!
Continue anyway?
You turn into a venomous arachnid creature.
The gnoll hits you with a +0 spear.
* * * LOW HITPOINT WARNING * * *
You hit the gnoll.
The gnoll is poisoned.
The gnoll is moderately wounded.
The gnoll hits you with a +0 spear!
* * * LOW HITPOINT WARNING * * *
The gnoll hits you from afar with a +0 spear!
You die...

#..†..#
#....##.###.#.##.##
#.....#
##...........<.##.#
#######
##....###.......##.##
##.........##.......##
##.|#.......##.########
##.#.#.#.######.# #
#.##...#..# ###†###
#### ##.....(.##
#.....# #...
##....s#.###.....# #...
#...>###.##.....# #..#
#.#g## ##.#.....# #..#
#.##.###.##.....# #..#
#.###.#.######### #...
#...)..## #...
######.### ####
#......#### #
#.#.......# #


You could see a gnoll (very poisoned).

Vanquished Creatures
  A bullfrog zombie (D:3)
  3 adders
  2 gnolls (D:4)
  A worm (D:2)
  A dart slug (D:1)
  4 ball pythons
  7 bats
  2 endoplasms
  2 giant cockroaches (D:2)
  6 goblins
  6 hobgoblins
  5 kobolds
  5 quokkas
  5 frilled lizards
  4 rats
54 creatures vanquished.

Notes
Turn   | Place    | Note
-------+----------+-------------------------------------------
     0 | D:1      | wakim the Octopode Transmuter began the quest for the Orb.
     0 | D:1      | Reached XP level 1. HP: 13/13 MP: 3/3
    55 | D:1      | Reached skill level 1 in Stealth
    78 | D:1      | Reached XP level 2. HP: 18/18 MP: 3/5
   138 | D:1      | Found a faded altar of an unknown god.
   841 | D:2      | Reached XP level 3. HP: 21/23 MP: 4/6
   907 | D:2      | Found a glowing silver altar of Zin.
  1081 | D:2      | Learned a level 3 spell: Spider Form
  1694 | D:3      | Reached XP level 4. HP: 27/28 MP: 5/7
  1713 | D:3      | Found Xukleman's Distillery.
  1754 | D:3      | Found a basalt altar of Yredelemnul.
  2540 | D:3      | Reached XP level 5. HP: 30/33 MP: 5/8
  3560 | D:3      | Slain by a gnoll

Illustrated notes

Levels and vault maps discovered:
D:1:      nicolae_arrival_somewhat_less_tricky_arrival, layout_rooms,
          ebering_ecumenical_altar_mist
D:2:      layout_basic, basic_altar
D:3:      layout_loops_cross, yredelemnul_altar_generic, serial_shops,
          nicolae_shop_temple_entry_statues_fountains, serial_park_tiny_2
D:4:      minmay_general_purpose_star, layout_rooms

Skill      XL: |  1  2  3  4 |
---------------+-------------+-----
Stealth        | 1 2 3 4 |  4.0
Unarmed Combat | 4 |  4.7
Fighting       | |  1.0
Dodging        | |  2.0
Spellcasting   | |  2.0
Transmutations | |  2.1
Poison Magic   | |  0.4

Action                   |  1- 3 |  4- 6 || total
-------------------------+-------+-------++-------
Melee: Unarmed           |    76 |    51 ||   127
       Constrict         |    21 |     6 ||    27
       Tentacles         |    15 |     2 ||    17
       Kick              |     7 |     5 ||    12
       Punch             |     3 |     1 ||     4
 Cast: Beastly Appendage |    15 |     8 ||    23
       Spider Form       |       |     5 ||     5
  Use: Scroll            |     4 |     3 ||     7
       Potion            |       |     1 ||     1
 Stab: Sleeping          |     6 |     4 ||    10
Armor: Skin              |     6 |     2 ||     8
Dodge: Dodged            |    47 |    38 ||    85

Table legend: (Time is in decaauts)
 A = Elapsed time spent in this place.
 B = Non-inter-level travel time spent in this place.
 C = Inter-level travel time spent in this place.
 D = Time resting spent in this place.
 E = Time spent auto-exploring this place.
 F = Levels seen in this place.
 G = Mean time per level.
                   A        B        C        D        E       F      G
               +--------+--------+--------+--------+--------+-----+--------+
         Total |   3560 |   3354 |    206 |    672 |   2036 |   4 |  890.0 |
       Dungeon |   3560 |   3354 |    206 |    672 |   2036 |   4 |  890.0 |
               +--------+--------+--------+--------+--------+-----+--------+

Top non-repeatable levels by time:
     D:2: 1475 daAuts
     D:3: 1227 daAuts
     D:1: 808 daAuts
     D:4: 48 daAuts
